Map: Hecate LE

Players

QuantumNoobs - Winner!

  • Race: Zerg Zerg
  • Spawn Location: 7:00

QuantumNoobs - Winner!

  • Race: Zerg Zerg
  • Spawn Location: 7:00

BoneMarrow

  • Race: Terran Terran
  • League: Master
  • Spawn Location: 1:00

VOD

Have the link to the VOD?

Description

manage to win. kept Terran from taking a 3rd

Time

  • Played on: Feb. 25, 2024, 9:09 p.m.
  • Length: 13:29
Show
View Real Time Build Order
Export as new Build Order

QuantumNoobs Zerg - Winner!

Build Orders: Hatch First 

Get SALT Encoding   

  12  0:00  Drone  
  13  0:09  Drone  
  13  0:13  Extractor  
  13  0:15  Drone  
  15  0:25  Overlord  
  15  0:46  Hatchery  
  15  0:48  Drone  
  15  0:53  Drone  
  15  0:56  Drone  
  17  1:00  Drone  
  18  1:11  Extractor  
  17  1:17  Spawning Pool  
  16  1:20  Drone  
  16  1:22  Drone  
  18  1:32  Drone  
  19  2:04  Zergling x6  
  19  2:05  Zergling x2, Hatchery  
  22  2:10  Overlord  
  22  2:15  Metabolic Boost  
  22  2:21  Drone  
  23  2:41  Queen x2  
  23  2:44  Drone  
  28  2:45  Drone  
  29  2:54  Drone x2  
  29  2:55  Drone  
  29  2:57  Drone  
  33  3:05  Drone x2  
  35  3:07  Drone  
  36  3:14  Roach Warren  
  34  3:31  Drone  
  34  3:32  Drone x6  
  38  3:46  Drone x3  
  41  3:52  Extractor  
  41  3:53  Queen  
  41  3:54  Extractor  
  41  3:56  Overlord  
  41  3:59  Zergling x2  
  42  4:03  Spine Crawler  
  41  4:13  Overlord  
  41  4:14  Queen  
  43  4:17  Lair  
  43  4:23  Roach x2  
  43  4:24  Roach, Drone  
  50  4:31  Drone  
  50  4:32  Drone x2  
  50  4:34  Drone x4  
  57  4:40  Spine Crawler  
  57  4:43  Roach  
  58  4:51  Overlord x2  
  54  5:08  Roach  
  54  5:09  Roach  
  54  5:12  Drone x8  
  65  5:15  Drone  
  66  5:22  Roach x2  
  66  5:23  Glial Reconstitution  
  66  5:27  Roach  
  72  5:30  Roach  
  74  5:36  Overlord x2  
  74  5:54  Overlord x2  
  74  5:55  Drone x5  
  74  5:56  Roach  
  81  6:04  Evolution Chamber  
  81  6:05  Evolution Chamber  
  81  6:06  Queen  
  81  6:11  Overlord  
  81  6:14  Roach x4  
  89  6:20  Zergling x2  
  89  6:21  Zergling x8  
  91  6:28  Baneling Nest  
  91  6:31  Zerg Missile Weapons Level 1  
  90  6:34  Zerg Ground Armor Level 1  
  90  6:35  Drone x3  
  93  6:40  Extractor  
  93  6:42  Roach x3  
  93  6:44  Overlord  
  94  6:55  Roach x4  
  94  7:01  Zergling x6  
  98  7:07  Ravager  
  98  7:08  Ravager  
  98  7:19  Zergling x2  
  98  7:20  Zergling x14, Roach  
  108  7:29  Hatchery  
  105  7:32  Roach, Centrifugal Hooks  
  105  7:33  Roach x3  
  109  7:38  Zergling x8  
  109  7:39  Zergling x2  
  114  7:51  Overlord x2  
  114  7:57  Hatchery  
  96  8:06  Roach x7  
  106  8:13  Ravager x3  
  106  8:17  Zergling x12  
  106  8:19  Baneling  
  115  8:20  Baneling x3  
  115  8:22  Baneling  
  112  8:30  Roach x3  
  103  8:36  Zergling x12  
  103  8:40  Roach x2  
  107  8:48  Drone x5  
  94  9:03  Roach x7  
  94  9:05  Zergling x2  
  94  9:06  Zergling x2  
  108  9:13  Roach  
  110  9:22  Roach x7  
  124  9:26  Baneling x7  
  124  9:27  Baneling  
  123  9:38  Ravager  
  122  9:39  Roach  
  122  9:40  Zergling x12, Roach  
  119  9:56  Roach x7  
  119  9:57  Zergling x2, Roach  
  119  9:58  Zergling x2  
  122  10:06  Drone  
  122  10:07  Drone x5  
  119  10:21  Zergling x12  
  118  10:31  Roach x7  
  118  10:34  Ravager x3  
  135  10:38  Roach  
  135  10:39  Overlord  
  135  10:40  Overlord x2  
  125  10:54  Baneling x7  
  125  10:56  Roach  
  121  10:57  Roach  
  121  10:58  Zergling x8  
  121  11:01  Zergling x2  
  121  11:02  Zergling x6  
  131  11:04  Ravager  
  124  11:16  Roach x5  
  116  11:21  Zergling x20  
  120  11:32  Drone x4  
  122  11:41  Zergling x2, Roach x7  
  122  11:44  Baneling x5  
  134  11:51  Extractor  
  122  11:58  Roach  
  122  11:59  Roach x6  
  118  12:05  Roach x2  
  118  12:06  Zergling x10  
  119  12:11  Zergling x2  
  119  12:12  Zergling x16  
  128  12:18  Drone x4  
  128  12:20  Extractor x2  
  117  12:35  Zergling x16  
  123  12:40  Ravager  
  123  12:41  Ravager x4  
  123  12:43  Roach x2  
  130  12:44  Drone x4  
  130  12:45  Drone x6  
  140  12:58  Extractor  
  140  13:01  Roach x8  
  155  13:06  Baneling x4  
Show
View Real Time Build Order
Export as new Build Order

QuantumNoobs Zerg - Winner!

Build Orders: Hatch First 

Get SALT Encoding   

  12  0:00  Drone  
  13  0:09  Drone  
  13  0:13  Extractor  
  13  0:15  Drone  
  15  0:25  Overlord  
  15  0:46  Hatchery  
  15  0:48  Drone  
  15  0:53  Drone  
  15  0:56  Drone  
  17  1:00  Drone  
  18  1:11  Extractor  
  17  1:17  Spawning Pool  
  16  1:20  Drone  
  16  1:22  Drone  
  18  1:32  Drone  
  19  2:04  Zergling x6  
  19  2:05  Zergling x2, Hatchery  
  22  2:10  Overlord  
  22  2:15  Metabolic Boost  
  22  2:21  Drone  
  23  2:41  Queen x2  
  23  2:44  Drone  
  28  2:45  Drone  
  29  2:54  Drone x2  
  29  2:55  Drone  
  29  2:57  Drone  
  33  3:05  Drone x2  
  35  3:07  Drone  
  36  3:14  Roach Warren  
  34  3:31  Drone  
  34  3:32  Drone x6  
  38  3:46  Drone x3  
  41  3:52  Extractor  
  41  3:53  Queen  
  41  3:54  Extractor  
  41  3:56  Overlord  
  41  3:59  Zergling x2  
  42  4:03  Spine Crawler  
  41  4:13  Overlord  
  41  4:14  Queen  
  43  4:17  Lair  
  43  4:23  Roach x2  
  43  4:24  Drone, Roach  
  50  4:31  Drone  
  50  4:32  Drone x2  
  50  4:34  Drone x4  
  57  4:40  Spine Crawler  
  57  4:43  Roach  
  58  4:51  Overlord x2  
  54  5:08  Roach  
  54  5:09  Roach  
  54  5:12  Drone x8  
  65  5:15  Drone  
  66  5:22  Roach x2  
  66  5:23  Glial Reconstitution  
  66  5:27  Roach  
  72  5:30  Roach  
  74  5:36  Overlord x2  
  74  5:54  Overlord x2  
  74  5:55  Drone x5  
  74  5:56  Roach  
  81  6:04  Evolution Chamber  
  81  6:05  Evolution Chamber  
  81  6:06  Queen  
  81  6:11  Overlord  
  81  6:14  Roach x4  
  89  6:20  Zergling x2  
  89  6:21  Zergling x8  
  91  6:28  Baneling Nest  
  91  6:31  Zerg Missile Weapons Level 1  
  90  6:34  Zerg Ground Armor Level 1  
  90  6:35  Drone x3  
  93  6:40  Extractor  
  93  6:42  Roach x3  
  93  6:44  Overlord  
  94  6:55  Roach x4  
  94  7:01  Zergling x6  
  98  7:07  Ravager  
  98  7:08  Ravager  
  98  7:19  Zergling x2  
  98  7:20  Zergling x14, Roach  
  108  7:29  Hatchery  
  105  7:32  Roach  
  105  7:33  Roach x3  
  109  7:38  Zergling x8  
  109  7:39  Zergling x2  
  109  7:40  Centrifugal Hooks  
  114  7:51  Overlord x2  
  114  7:57  Hatchery  
  96  8:06  Roach x7  
  106  8:13  Ravager x3  
  106  8:17  Zergling x12  
  106  8:19  Baneling  
  115  8:20  Baneling x3  
  115  8:22  Baneling  
  112  8:30  Roach x3  
  103  8:36  Zergling x12  
  103  8:40  Roach x2  
  107  8:48  Drone x5  
  94  9:03  Roach x7  
  94  9:05  Zergling x2  
  94  9:06  Zergling x2  
  108  9:13  Roach  
  110  9:22  Roach x7  
  124  9:26  Baneling x7  
  124  9:27  Baneling  
  123  9:38  Ravager  
  122  9:39  Roach  
  122  9:40  Zergling x12, Roach  
  119  9:56  Roach x7  
  119  9:57  Zergling x2, Roach  
  119  9:58  Zergling x2  
  122  10:06  Drone  
  122  10:07  Drone x5  
  119  10:21  Zergling x12  
  118  10:31  Roach x7  
  118  10:34  Ravager x3  
  135  10:38  Roach  
  135  10:39  Overlord  
  135  10:40  Overlord x2  
  125  10:54  Baneling x7  
  125  10:56  Roach  
  121  10:57  Roach  
  121  10:58  Zergling x8  
  121  11:01  Zergling x2  
  121  11:02  Zergling x6  
  131  11:04  Ravager  
  124  11:16  Roach x5  
  116  11:21  Zergling x20  
  120  11:32  Drone x4  
  122  11:41  Zergling x2, Roach x7  
  122  11:44  Baneling x5  
  134  11:51  Extractor  
  122  11:58  Roach  
  122  11:59  Roach x6  
  118  12:05  Roach x2  
  118  12:06  Zergling x10  
  119  12:11  Zergling x2  
  119  12:12  Zergling x16  
  128  12:18  Drone x4  
  128  12:20  Extractor x2  
  117  12:35  Zergling x16  
  123  12:40  Ravager  
  123  12:41  Ravager x4  
  123  12:43  Roach x2  
  130  12:44  Drone x4  
  130  12:45  Drone x6  
  140  12:58  Extractor  
  140  13:01  Roach x8  
  155  13:06  Baneling x4  
Show
View Real Time Build Order
Export as new Build Order

BoneMarrow Terran 

Build Orders: 2 Factory, Hellion Opening, Reaper Expand, Mech 

Get SALT Encoding   

  12  0:00  SCV  
  13  0:12  SCV  
  14  0:19  Supply Depot  
  14  0:24  SCV  
  15  0:40  SCV  
  15  0:41  Barracks  
  16  0:47  Refinery  
  16  0:53  SCV  
  17  1:05  SCV  
  18  1:19  SCV  
  19  1:30  Reaper  
  19  1:31  Orbital Command  
  20  1:43  Command Center  
  20  2:01  SCV  
  20  2:02  Marine  
  20  2:07  Factory  
  22  2:13  SCV  
  23  2:17  Supply Depot  
  23  2:24  Barracks Reactor  
  23  2:39  SCV  
  24  2:52  Bunker  
  24  2:53  SCV  
  24  2:56  Orbital Command  
  25  3:05  Factory, SCV  
  26  3:08  Refinery  
  26  3:09  Hellion x2  
  30  3:17  Barracks Tech Lab, SCV  
  29  3:29  SCV  
  29  3:30  Hellion x2  
  34  3:44  SCV x2  
  40  3:55  Hellion x2  
  40  3:56  SCV  
  40  3:57  Infernal Pre-Igniter  
  40  4:00  Hellion  
  40  4:01  SCV  
  44  4:08  SCV  
  45  4:13  SCV  
  45  4:15  Supply Depot  
  46  4:33  Supply Depot  
  46  4:34  Supply Depot  
  46  4:37  Hellion x2, Supply Depot, SCV x2  
  52  4:43  Refinery  
  52  4:45  Refinery  
  52  4:47  Factory  
  52  4:48  Factory  
  52  4:49  SCV x2  
  52  5:01  SCV  
  47  5:12  Cyclone  
  47  5:13  Cyclone x2, SCV  
  47  5:14  SCV  
  49  5:26  SCV x2  
  51  5:28  Armory  
  51  5:30  Hurricane Engines  
  51  5:35  Hellion  
  53  5:37  Hellion  
  53  5:39  SCV  
  56  5:44  Cyclone  
  56  5:48  Cyclone  
  56  5:49  SCV  
  61  5:55  SCV  
  62  5:59  Cyclone x3  
  62  6:02  SCV  
  69  6:07  Supply Depot, SCV  
  69  6:08  Supply Depot  
  70  6:15  Supply Depot  
  69  6:25  Cyclone x2  
  73  6:26  SCV  
  73  6:28  Terran Vehicle Weapons Level 1  
  73  6:32  SCV  
  75  6:35  Factory Reactor  
  75  6:36  Factory Reactor  
  75  6:38  Command Center, SCV  
  72  7:02  Cyclone x3  
  72  7:07  SCV  
  79  7:14  Cyclone x2  
  79  7:15  Cyclone  
  85  7:17  SCV  
  86  7:34  Cyclone x2  
  88  7:41  Siege Tank  
  88  7:42  Hellion  
  88  7:43  SCV  
  92  7:47  Hellion x3  
  92  7:49  Supply Depot  
  92  7:51  Supply Depot  
  98  8:04  Cyclone  
  89  8:06  Cyclone  
  85  8:16  Supply Depot  
  85  8:17  Siege Tank  
  85  8:19  Cyclone x3  
  94  8:23  Terran Vehicle And Ship Armor Level 1  
  78  8:35  Cyclone  
  78  8:36  Cyclone  
  80  8:47  Engineering Bay  
  80  8:51  Command Center  
  80  8:52  Siege Tank  
  80  8:53  Cyclone x2  
  73  9:09  Cyclone x3  
  76  9:17  SCV  
  76  9:22  Factory  
  77  9:24  Factory  
  77  9:26  Hellion x4  
  77  9:29  SCV  
  86  9:38  SCV  
  87  9:41  Hellion  
  87  9:42  Hellion x2  
  93  9:47  Hellion x2  
  84  10:04  Siege Tank  
  84  10:05  Cyclone x3  
  83  10:27  Cyclone x3  
  89  10:28  SCV  
  89  10:29  Terran Vehicle And Ship Armor Level 2  
  89  10:34  Hellion x2  
  94  10:37  Hellion x2  
  94  10:39  Supply Depot x3  
  94  10:40  Supply Depot  
  94  10:42  Supply Depot  
  98  10:56  Cyclone  
  92  10:57  Cyclone  
  92  10:58  Hellion  
  92  11:00  Siege Tank  
  90  11:16  Cyclone x5  
  78  11:24  Cyclone  
  57  12:03  Cyclone x4  
  49  12:16  Planetary Fortress  
  42  12:38  Cyclone x3  
  48  12:44  SCV  
  48  12:45  SCV  
  50  12:54  Factory Tech Lab x2  
  50  12:56  SCV  
  50  12:57  SCV  
  52  13:09  SCV x2  
Tags
 
Add a new tag
Caveats
  • Supply blocks, unpowered buildings, or Contaminate may cause inaccurate times.
  • Supply counts are checked every 10 seconds.